 Dungeon Crawl Stone Soup version 0.28.0-1-gb440e238dd (webtiles) character file.

Game seed: 845229521898326287

959 issech the Cudgeller (level 7, -1/70 HPs)
             Began as a Troll Monk on Feb 21, 2022.
             Slain by Duvessa (6 damage)
             ... on level 4 of the Dungeon.
             The game lasted 00:09:09 (2873 turns).

issech the Cudgeller (Troll Monk)                   Turns: 2873, Time: 00:09:10

Health: -1/70      AC:  4    Str: 20    XL:     7   Next: 91%
Magic:  6/6        EV: 11    Int:  6    God:
Gold:   103        SH:  0    Dex: 14    Spells: 6/6 levels left

rFire   + . .      SeeInvis .   d - +2 flail (drain)
rCold   x . .      Faith    .   (no shield)
rNeg    . . .      Spirit   .   b - +0 robe
rPois   .          Reflect  .   (helmet restricted)
rElec   .          Harm     .   (no cloak)
rCorr   .          Rampage  .   (gloves unavailable)
Will    .....                   (boots unavailable)
Stlth   ++........              (no amulet)
HPRegen 1.01/turn               l - ring of fire
MPRegen 0.10/turn               (no ring)

@: no status effects
A: large, unfitting armour, claws 3, regeneration 1, shaggy fur 1, tough skin 1
a: no special abilities


You were on level 4 of the Dungeon.
You visited 1 branch of the dungeon, and saw 4 of its levels.

You collected 103 gold pieces.

Inventory:

Hand Weapons
 a - a +0 mace
 d - a +2 flail of draining (weapon)
 m - a +0 whip of flaming
 r - a +1 whip of venom
 u - a +1 whip of flaming
Missiles
 c - 79 arrows
 e - 65 sling bullets
 h - 8 poisoned darts (quivered)
 j - 139 stones
 n - a throwing net
Armour
 b - a +0 robe (worn)
Jewellery
 l - a ring of fire (left claw)
Scrolls
 f - 2 scrolls of identify {unknown}
 g - a scroll of magic mapping {unknown}
 k - a scroll of noise {unknown}
 s - a scroll of teleportation {unknown}
Potions
 i - 2 potions of mutation {unknown}
 o - a potion of berserk rage {unknown}
 p - a potion of might {unknown}
 q - a potion of curing
 t - a potion of brilliance {unknown}


   Skills:
 + Level 4.2 Fighting
 + Level 6.1 Maces & Flails
 + Level 4.2 Dodging
 + Level 2.1 Stealth


You had 6 spell levels left.
You didn't know any spells.
Your spell library contained the following spells:

 Spells                   Type           Power      Damage    Failure   Level
 Static Discharge         Conj/Air       0%         N/A       58%         2
 Tukima's Dance           Hex            0%         N/A       83%         3
 Anguish                  Hex/Necr       0%         N/A       99%         4
 Animate Dead             Necr           0%         N/A       99%         4
 Dispel Undead            Necr           0%         3d6       99%         4
 Sticky Flame             Conj/Fire      0%         2d3       99%         4
 Agony                    Necr           0%         N/A       100%        5
 Enfeeble                 Hex            0%         N/A       100%        7


Dungeon Overview and Level Annotations

Branches:
Dungeon (4/15)
 Temple: D:4-7

Altars:
Qazlal

Shops:
D:1 [   D:4 [

Annotations:
D:4 Duvessa


Innate Abilities, Weirdness & Mutations

You are too large for most types of armour.
You have claws for hands.
Your natural rate of healing is unusually fast.
You are covered in fur. (AC +1)
You have tough skin. (AC +1)


Message History

Duvessa hits you with a +1 vampiric short sword.
* * * LOW HITPOINT WARNING * * *
Duvessa draws strength from your wounds!
Duvessa closely misses you.
There is a stone staircase leading up here.
Things that are here:
a +0 dagger; a +0 robe; the elf corpse of Dowan Duvessa misses you.
Duvessa rages.
Duvessa closely misses you.
Duvessa hits you with a +1 vampiric short sword.
* * * LOW HITPOINT WARNING * * *
Duvessa draws strength from your wounds!
You sock Duvessa!
Duvessa is severely wounded.
Duvessa hits you with a +1 vampiric short sword!
* * * LOW HITPOINT WARNING * * *
You barely miss Duvessa.
Duvessa is severely wounded.
Duvessa barely misses you. x2
You hit Duvessa.
Duvessa is severely wounded.
Duvessa completely misses you.
Duvessa hits you with a +1 vampiric short sword.
* * * LOW HITPOINT WARNING * * *
Duvessa draws strength from your wounds!
Unknown command.
You barely miss Duvessa.
Duvessa is severely wounded.
Duvessa is no longer moving quickly.
Duvessa hits you with a +1 vampiric short sword.
* * * LOW HITPOINT WARNING * * *
Duvessa draws strength from your wounds!
Unknown command.
Duvessa barely misses you.
Duvessa hits you with a +1 vampiric short sword.
* * * LOW HITPOINT WARNING * * *
Duvessa barely misses you.
Duvessa hits you with a +1 vampiric short sword.
You die...

# .# #####.###.. #......e.e#
#.......... #..##.####.
########..# # #.# #..@e.....#
#.####.#######.# #.##...# #.#
#.##.### #.####.## #.##.#
#####........ #.##.##
#.<..........
#########.#...####.########.##
>.........)...÷[†..# #
.##########...######


You could see Duvessa (berserk, drained).

Vanquished Creatures
  Pikel (D:4)
  Sigmund (D:2)
  An ogre (D:4)
  Dowan (D:4)
  An orc priest (D:2)
  3 gnolls (D:3)
  7 adders
  An ufetubus (D:4)
  An adder skeleton (D:4)
  A worm (D:3)
  4 dart slugs
  3 orcs (D:2)
  3 endoplasms
  2 goblins (D:3)
  6 hobgoblins
  6 kobolds
  3 quokkas
  6 ball pythons
  3 bats
  2 frilled lizards (D:1)
  10 rats
66 creatures vanquished.

Vanquished Creatures (others)
  4 plants (D:3)
4 creatures vanquished.

Grand Total: 70 creatures vanquished

Notes
Turn   | Place    | Note
-------+----------+-------------------------------------------
     0 | D:1      | issech the Troll Monk began the quest for the Orb.
     0 | D:1      | Reached XP level 1. HP: 22/22 MP: 0/0
    97 | D:1      | Found a faded altar of an unknown god.
   338 | D:1      | Reached XP level 2. HP: 29/29 MP: 1/1
   546 | D:1      | Reached skill level 3 in Maces & Flails
   589 | D:1      | Found Emniromo's Armour Emporium.
  1036 | D:2      | Reached XP level 3. HP: 36/36 MP: 2/2
  1137 | D:2      | Reached XP level 4. HP: 28/44 MP: 3/3
  1360 | D:2      | Noticed Sigmund
  1420 | D:2      | Killed Sigmund
  1421 | D:2      | Reached skill level 4 in Maces & Flails
  1421 | D:2      | Reached XP level 5. HP: 53/53 MP: 4/4
  1991 | D:3      | Reached XP level 6. HP: 61/61 MP: 5/5
  2556 | D:4      | Reached skill level 5 in Maces & Flails
  2620 | D:4      | Found a stormy altar of Qazlal.
  2628 | D:4      | Found Coaxteph's Armour Shop.
  2708 | D:4      | Noticed Pikel
  2764 | D:4      | Killed Pikel
  2765 | D:4      | Reached skill level 6 in Maces & Flails
  2765 | D:4      | Reached XP level 7. HP: 34/70 MP: 6/6
  2819 | D:4      | Noticed Dowan
  2821 | D:4      | Got the Incunabulum of Hurtful Necromancy
  2822 | D:4      | Noticed Duvessa
  2844 | D:4      | Killed Dowan
  2865 | D:4      | HP: 3/70 [Duvessa (4)]
  2866 | D:4      | HP: 1/70 [Duvessa (3)]
  2873 | D:4      | Slain by Duvessa

Illustrated notes

Levels and vault maps discovered:
D:1:      dpeg_arrival_shrine, layout_basic, serial_shops,
          nicolae_shop_hallway_plus, serial_corexii_hall,
          corexii_hall_statues_u, chequers_hall_statues_wall_a,
          basic_ecumenical_altar
D:2:      layout_basic, uniq_sigmund
D:3:      layout_loops_cross, serial_bayou, serial_bayou_pond_d,
          serial_bayou_pond_d, serial_bayou_pond_d, serial_bayou_pond_c,
          serial_bayou_pond_b
D:4:      layout_loops_ring, overflow_temple_1_default, marbit_many_paths,
          mainiacjoe_overflow_paths, kennysheep_mini_moat, serial_shops,
          nicolae_shop_crystal, minmay_stone_trees_large,
          minmay_shop_grid_forest, uniq_pikel, uniq_duvessa, uniq_edmund

Skill      XL: |  1  2  3  4  5  6 |
---------------+-------------------+-----
Maces & Flails | 3 4 6 |  6.1
Fighting       | 3 4 |  4.2
Dodging        | 3 4 |  4.2
Stealth        | 2 |  2.1

Action                   |  1- 3 |  4- 6 |  7- 9 || total
-------------------------+-------+-------+-------++-------
Melee: Flail             |    50 |   119 |    23 ||   192
       Mace              |     4 |       |       ||     4
       Punch             |     1 |     2 |       ||     3
 Stab: Sleeping          |     3 |     1 |       ||     4
Armor: Robe              |    22 |    50 |     1 ||    73
Dodge: Dodged            |    24 |   103 |    19 ||   146
